 Dungeon Crawl Stone Soup version 0.29-a0-91-gdebf4667c2 (webtiles) character file.

Game seed: 6277517049830635730

1230 lordive the Bolt Thrower (level 8, -2/48 HPs)
             Began as a Kobold Hunter on Feb 7, 2022.
             Was an Initiate of Dithmenos.
             Slain by a bullfrog (5 damage)
             ... on level 5 of the Dungeon.
             The game lasted 00:11:11 (9262 turns).

lordive the Bolt Thrower (Kobold Hunter)            Turns: 9262, Time: 00:11:11

Health: -2/48      AC:  6    Str:  9    XL:     8   Next: 77%
Magic:  8/8        EV: 14    Int: 15    God:    Dithmenos [......]
Gold:   249        SH:  0    Dex: 15    Spells: 7/7 levels left

rFire   . . .      SeeInvis +   g - +2 dagger (venom)
rCold   . . .      Faith    .   (no shield)
rNeg    . . .      Spirit   .   f - +0 ring mail
rPois   .          Reflect  .   (no helmet)
rElec   .          Harm     .   e - +0 cloak
rCorr   .          Rampage  .   (no gloves)
Will    .....                   (no boots)
Stlth   +++.......              u - amulet of magic regeneration
HPRegen 0.16/turn               n - ring of see invisible
MPRegen 0.51/turn               (no ring)

@: no status effects
A: small, no large weapons, nightstalker 3
a: Renounce Religion


You were on level 5 of the Dungeon.
You worshipped Dithmenos.
Dithmenos was noncommittal.
You visited 2 branches of the dungeon, and saw 7 of its levels.

You collected 249 gold pieces.

Inventory:

Hand Weapons
 a - a +1 hand crossbow
 g - a +2 dagger of venom (weapon)
Missiles
 d - 77 bolts
 r - a throwing net (quivered)
Armour
 c - a +0 leather armour
 e - a +0 cloak (worn)
 f - a +0 ring mail (worn)
Jewellery
 n - a ring of see invisible (left hand)
 u - an amulet of magic regeneration (around neck)
Scrolls
 h - a scroll of fog {unknown}
 i - a scroll of amnesia {unknown}
 k - 2 scrolls of identify {unknown}
 m - a scroll of enchant armour {unknown}
 o - a scroll of immolation {unknown}
 q - a scroll of enchant weapon {unknown}
 s - a scroll of blinking {unknown}
 v - a scroll of noise {unknown}
 x - a scroll of summoning {unknown}
Potions
 b - a potion of degeneration {unknown}
 j - a potion of cancellation {unknown}
 l - a potion of flight {unknown}
 p - a potion of brilliance {unknown}
 t - a potion of haste {unknown}
 w - a potion of attraction {unknown}


   Skills:
 * Level 4.8 Fighting
 + Level 4.9 Short Blades
 * Level 7.1 Crossbows
 + Level 3.4 Armour
 * Level 5.2 Dodging
 + Level 5.1 Stealth


You had 7 spell levels left.
You didn't know any spells.
Your spell library contained the following spells:

 Spells                   Type           Power      Damage    Failure   Level
 Beastly Appendage        Tmut           0%         N/A       56%         1
 Static Discharge         Conj/Air       0%         N/A       71%         2
 Wereblood                Tmut           0%         N/A       71%         2
 Spider Form              Tmut/Pois      0%         N/A       91%         3
 Lightning Bolt           Conj/Air       0%         1d11      100%        5
 Maxwell's Capacitive Co  Air            0%         ∞         100%        8


Dungeon Overview and Level Annotations

Branches:
Dungeon (6/15)             Temple (1/1) D:5

Altars:
Ashenzari
Dithmenos
Elyvilon
Gozag
Hepliaklqana
Kikubaaqudgha
Makhleb
Nemelex Xobeh
Qazlal
Sif Muna
Trog
Uskayaw
Vehumet
Wu Jian
Xom
Yredelemnul
Zin
The Shining One

Shops:
D:4 :

Annotations:
D:5 2 transporters, cyrus's ghost, novice TrFi


Innate Abilities, Weirdness & Mutations

You are small and have problems with some larger weapons.
You are completely attuned to the shadows.


Message History

The bullfrog hits you.
* * * LOW HITPOINT WARNING * * *
The bullfrog completely misses you. The bullfrog closely misses you.
The bullfrog closely misses you. The bullfrog barely misses you.
The bullfrog closely misses you.
The bullfrog hits you but does no damage.
The bullfrog barely misses you.
Items here: )) [[ †.
The bullfrog misses you.
There is a stone staircase leading up here.
The bullfrog hits you.
* * * LOW HITPOINT WARNING * * *
You climb upwards.
Level annotation: 2 transporters, cyrus's ghost, novice TrFi
There is a stone staircase leading down here.
Unknown command.
You hit the bullfrog.
The bullfrog is poisoned.
The bullfrog is lightly wounded.
The bullfrog hits you.
* * * LOW HITPOINT WARNING * * *
Unknown command.
You closely miss the bullfrog.
The bullfrog is lightly wounded.
The bullfrog closely misses you.
Unknown command.
Okay, then.
You hit the bullfrog.
The bullfrog looks as sick as possible!
The bullfrog is moderately wounded.
The bullfrog barely misses you.
Unknown command.
You miss the bullfrog.
The bullfrog is heavily wounded.
The bullfrog barely misses you.
Unknown command.
You hit the bullfrog.
The bullfrog looks as sick as possible!
The bullfrog is heavily wounded.
The bullfrog closely misses you. The bullfrog hits you.
You die...

########### #.........#
#.#######.####### #.#
#.......# #.# #####..####.#
########## #.###.......#
#.### #...##....
#...........#
#.#.###.#.##.###
##.......#..###.......#....#
#.......#..F@......#####..###
#.......#######......#.......
#.......# ##.###.#.##.###
#.......# #^# #...##.##.
#.......# #.# ######....
#.......# ##'## ####.
#####.### ##...## #. #.##
##.....## #### ###..##
##.......## ##.##


You could see a bullfrog (extremely poisoned).

Vanquished Creatures
  A water moccasin (D:5)
  An orc warrior (D:5)
  An ice beast (D:5)
  A black bear (D:4)
  An ogre (D:4)
  A bullfrog (D:6)
  3 scorpions
  A centaur skeleton (D:5)
  2 orc priests
  3 iguanas (D:5)
  3 orc wizards
  Robin (D:4)
  5 gnolls
  9 adders
  2 adder skeletons (D:4)
  3 dart slugs
  9 orcs
  10 ball pythons
  8 endoplasms
  5 giant cockroaches
  11 hobgoblins
  7 jackals
  8 kobolds
  5 quokkas
  4 bats
  9 frilled lizards
  19 goblins
  A rat (D:2)
  A spectral orc (D:3)
135 creatures vanquished.

Notes
Turn   | Place    | Note
-------+----------+-------------------------------------------
     0 | D:1      | lordive the Kobold Hunter began the quest for the Orb.
     0 | D:1      | Reached XP level 1. HP: 12/12 MP: 1/1
    24 | D:1      | Reached skill level 5 in Crossbows
   230 | D:1      | Reached XP level 2. HP: 17/17 MP: 2/2
   687 | D:1      | Found a faded altar of an unknown god.
   915 | D:1      | Reached skill level 1 in Short Blades
   915 | D:1      | Reached XP level 3. HP: 16/22 MP: 3/3
  2186 | D:2      | Reached XP level 4. HP: 26/27 MP: 4/4
  2664 | D:3      | Found a basalt altar of Yredelemnul.
  2842 | D:3      | Reached XP level 5. HP: 18/32 MP: 5/5
  3425 | D:3      | You fall into a shaft and drop 1 floor!
  3434 | D:3      | Found a radiant altar of Vehumet.
  3437 | D:3      | Found a hazy altar of Hepliaklqana.
  3694 | D:4      | Found a broken altar of Ashenzari.
  3959 | D:4      | Reached skill level 1 in Armour
  3959 | D:4      | Reached XP level 6. HP: 25/37 MP: 6/6
  4111 | D:4      | Reached skill level 6 in Crossbows
  4606 | D:4      | Noticed Robin
  4621 | D:4      | Killed Robin
  5072 | D:4      | Found Camoudekk's Book Boutique.
  5397 | D:4      | Noticed a black bear
  5421 | D:4      | Killed a black bear
  5422 | D:4      | Reached XP level 7. HP: 6/42 MP: 7/7
  6886 | D:5      | Entered Level 5 of the Dungeon
  7311 | D:5      | Found a transporter.
  7601 | D:5      | Reached XP level 8. HP: 48/48 MP: 8/8
  7701 | D:5      | Found a transporter.
  7703 | D:5      | Noticed cyrus's ghost (novice TrFi)
  8252 | D:5      | Found a staircase to the Ecumenical Temple.
  8541 | Temple   | Entered the Ecumenical Temple
  8704 | Temple   | Became a worshipper of Dithmenos the Shadowed
  8870 | D:5      | Reached skill level 7 in Crossbows
  8870 | D:5      | Reached skill level 5 in Dodging
  8870 | D:5      | Reached skill level 5 in Stealth
  9258 | D:5      | HP: 2/48 [bullfrog (4)]
  9262 | D:5      | Slain by a bullfrog

Illustrated notes

Levels and vault maps discovered:
D:1:      elethiomel_arrival_shortcut, layout_basic,
          hellmonk_ecumenical_altar_arch_garden
D:2:      layout_basic
D:3:      layout_loops_cross, yredelemnul_forgotten_temple_becter,
          nicolae_overflow_hidden_temple, corexii_hall_statues_u,
          saegor_snake_ambush
D:4:      kennysheep_goblin_castle, layout_loops_corners,
          mainiacjoe_overflow_24_doors, serial_shops,
          nicolae_shop_hallway_stairs, nicolae_underground_beach
D:5:      layout_loops_corners, minmay_temple_entry_statues,
          gammafunk_ghost_stat_death
D:6:      layout_rooms, mainiacjoe_overflow_brackets
Temple:   eino_temple_lava

Skill      XL: |  1  2  3  4  5  6  7  8 |
---------------+-------------------------+-----
Crossbows      | 5 6 7 |  7.1
Short Blades   | 1 2 3 4 |  4.9
Stealth        | 2 3 4 5 |  5.1
Fighting       | 3 4 |  4.8
Dodging        | 3 4 5 |  5.2
Armour         | 1 2 3 |  3.4

Action                   |  1- 3 |  4- 6 |  7- 9 || total
-------------------------+-------+-------+-------++-------
Melee: Short sword       |   140 |     7 |       ||   147
       Punch             |     3 |     2 |     4 ||     9
       Dagger            |       |   193 |   172 ||   365
 Fire: Hand crossbow     |     1 |     3 |       ||     4
  Use: Potion            |       |     2 |     1 ||     3
 Stab: Sleeping          |     5 |    12 |     9 ||    26
       Distracted        |       |     2 |       ||     2
Armor: Leather armour    |    30 |       |       ||    30
       Ring mail         |     7 |    80 |    32 ||   119
Dodge: Dodged            |   128 |   189 |    93 ||   410

Table legend: (Time is in decaauts)
 A = Elapsed time spent in this place.
 B = Non-inter-level travel time spent in this place.
 C = Inter-level travel time spent in this place.
 D = Time resting spent in this place.
 E = Time spent auto-exploring this place.
 F = Levels seen in this place.
 G = Mean time per level.
                   A        B        C        D        E       F      G
               +--------+--------+--------+--------+--------+-----+--------+
         Total |   9235 |   8796 |    439 |   1194 |   6475 |   7 | 1319.3 |
       Dungeon |   9065 |   8666 |    399 |   1194 |   6380 |   6 | 1510.8 |
        Temple |    170 |    131 |     39 |      0 |     95 |   1 |  170.0 |
               +--------+--------+--------+--------+--------+-----+--------+

Top non-repeatable levels by time:
     D:4: 2831 daAuts
     D:5: 1929 daAuts
     D:1: 1691 daAuts
     D:3: 1403 daAuts
     D:2: 963 daAuts
     D:6: 247 daAuts
  Temple: 170 daAuts
